 Dungeon Crawl Stone Soup version 0.32-a0-468-g38b2580584 (webtiles) character file.

Game seed: 12861886197031253696

420 CougarLife the Digger (level 6, -4/32 HPs)
             Began as a Gargoyle Earth Elementalist on Feb 25, 2024.
             Killed from afar by an orc wizard (6 damage)
             ... with a magic dart
             ... on level 4 of the Dungeon.
             The game lasted 00:02:08 (3419 turns).

CougarLife the Digger (Gargoyle Earth Elementalist) Turns: 3419, Time: 00:02:08

Health: -4/32      AC:  7    Str: 11    XL:     6   Next: 94%
Magic:  9/12       EV: 12    Int: 18    God:
Gold:   88         SH:  0    Dex: 12    Spells: 9/13 levels left

rFire   . . .        k - +6 dagger of Zin's Approval {heavy, rPois Dex+2 Stlth+}
rCold   . . .        (no shield)
rNeg    + . .        a - +0 robe
rPois   ∞            p - +0 helmet
rElec   +            (no cloak)
rCorr   .            (no gloves)
SInv    .            (no boots)
Will    .....        (no amulet)
Stlth   ++           (no ring)
HPRegen 0.25/turn    (no ring)
MPRegen 0.13/turn

%: no passive effects
@: confused
A: sickness immunity, AC +4, negative energy resistance 1, electricity
resistance, torment resistance 1, petrification resistance
a: no special abilities


You were on level 4 of the Dungeon.
You visited 1 branch of the dungeon, and saw 4 of its levels.

You collected 88 gold pieces.

Inventory:

Hand Weapons
 k - the +6 dagger of Zin's Approval (weapon) {heavy, rPois Dex+2 Stlth+}
   (You took it off a kobold on level 2 of the Dungeon)

   Dex+2:     It affects your dexterity (+2).
   rPois:     It protects you from poison Stlth+: It makes you more stealthy.
Armour
 a - a +0 robe (worn)
 p - a +0 helmet (worn)
Wands
 j - a wand of flame (11)
 q - a wand of quicksilver (8)
Scrolls
 c - 3 scrolls of teleportation {unknown}
 f - a scroll of silence {unknown}
 g - 2 scrolls of enchant weapon {unknown}
 h - a scroll of noise {unknown}
 i - a scroll of butterflies {unknown}
 l - a scroll of revelation {unknown}
 n - a scroll of identify {unknown}
 r - a scroll of amnesia {unknown}
 s - 3 scrolls of enchant armour {unknown}
Potions
 b - a potion of magic
 d - a potion of resistance {unknown}
 e - a potion of mutation {unknown}
 m - a potion of heal wounds {unknown}
 o - a potion of enlightenment {unknown}


   Skills:
 - Level 1.5 Dodging
 - Level 2.1 Stealth
 + Level 4.1 Spellcasting
 + Level 4.2 Conjurations
 + Level 6.0 Earth Magic


You had 9 spell levels left.
You knew the following spells:

 Your Spells              Type           Power      Damage    Failure   Level
a - Sandblast             Erth           50%        2d12      1%          1
b - Stone Arrow           Conj/Erth      44%        3d9       5%          3

Your spell library contained the following spells:

 Spells                   Type           Power      Damage    Failure   Level
 Passwall                 Erth           25%        N/A       3%          3
 Brom's Barrelling Bould  Conj/Erth      22%        2d4       17%         4
 Petrify                  Alch/Erth      14%        N/A       38%         4


Dungeon Overview and Level Annotations

Branches:
Dungeon (4/15)
 Temple: D:4-7

Altars:


Innate Abilities, Weirdness & Mutations

You are immune to sickness and miasma.
Your stone body is resilient. (AC +4)
You are immune to poison.
You resist negative energy. (rN+)
You are resistant to electric shocks. (rElec)
You are resistant to unholy torment.
You are immune to petrification.


Message History

An orc comes into view. It is wielding a +0 club.
The orc shouts!
The orc closely misses you.
The orc wizard gestures at you while chanting.
The magic dart hits you.
The blast of sand misses the orc.
The orc barely misses you. x2
The orc wizard points at you and mumbles some strange words.
The magic dart hits you!
There are monsters nearby!
The blast of sand hits the orc!
You kill the orc!
The orc wizard mumbles some strange words.
The orc wizard flickers and vanishes!
Deactivating autopickup; reactivate with Ctrl-A.
There are monsters nearby!
You puncture the orc!
You kill the orc!
Something hits you but does no damage. Something hits you.
The blast of sand hits the orc!
You kill the orc!
You hear some strange, mumbled words.
Something tries to affect you, but you resist.
Your Earth Magic skill increases to level 6!
There is a strange disturbance nearby!
You barely miss something.
You hear some strange, mumbled words.
A magic dart appears from out of thin air!
The magic dart hits you. Something hits you.
You hit something.
You hear some strange, mumbled words.
A puff of flame appears from out of thin air!
The puff of flame hits you!
* * * LOW HITPOINT WARNING * * *
You hit something.
You hear some strange, mumbled words.
You are confused.
You hear some strange, mumbled words.
A magic dart appears from out of thin air!
The magic dart hits you.
You die...

#...# #.....
#......
....... ###
$......
....####.....
#...){.#
#.@## #...#
##..## #...#
##..## ##..##
#...#
##...###
##......##


There were no monsters in sight!

Vanquished Creatures
  A black bear (D:3)
  A gnoll bouda (D:4)
  Jessica (D:2)
  Natasha (thrice) (D:2)
  Robin (D:3)
  5 gnolls (D:4)
  3 adders
  2 ufetubi (D:4)
  6 dart slugs
  2 ribbon worms (D:2)
  7 orcs
  10 ball pythons
  6 bats
  4 endoplasms
  A giant cockroach (D:1)
  13 goblins
  6 hobgoblins
  2 quokkas (D:2)
  A frilled lizard (D:3)
  7 kobolds
  6 rats
88 creatures vanquished.

Notes
Turn   | Place    | Note
-------+----------+-------------------------------------------
     0 | D:1      | CougarLife the Gargoyle Earth Elementalist began the quest
                  | for the Orb.
     0 | D:1      | Reached XP level 1. HP: 10/10 MP: 3/3
   252 | D:1      | Reached XP level 2. HP: 13/15 MP: 3/5
   454 | D:1      | Reached skill level 4 in Earth Magic
  1153 | D:2      | Identified the +6 dagger of Zin's Approval {heavy, rPois
                  | Dex+2 Stlth+}
  1155 | D:2      | Reached XP level 3. HP: 19/19 MP: 4/6
  1638 | D:2      | Noticed Natasha
  1641 | D:2      | Killed Natasha
  1642 | D:2      | Reached XP level 4. HP: 20/24 MP: 4/8
  1783 | D:2      | Noticed Jessica
  1785 | D:2      | Killed Jessica
  1996 | D:2      | Noticed Natasha
  2002 | D:2      | Killed Natasha
  2003 | D:2      | Reached XP level 5. HP: 12/28 MP: 5/9
  2072 | D:2      | Learned a level 3 spell: Stone Arrow
  2094 | D:2      | Noticed Natasha
  2096 | D:2      | Killed Natasha
  2097 | D:2      | Reached skill level 5 in Earth Magic
  2623 | D:3      | Noticed a black bear
  2629 | D:3      | Killed a black bear
  2630 | D:3      | Reached XP level 6. HP: 32/32 MP: 7/11
  2807 | D:3      | Noticed Robin
  2818 | D:3      | Killed Robin
  3417 | D:4      | Reached skill level 6 in Earth Magic
  3419 | D:4      | Killed from afar by an orc wizard

Illustrated notes

Levels and vault maps discovered:
D:1:      co_arrival_square_in_a_square_in_a_square, layout_basic
D:2:      layout_basic, uniq_natasha, uniq_jessica
D:3:      layout_basic, uniq_robin
D:4:      layout_cave_pods, nicolae_qazlal_scattered_showers,
          minmay_temple_entry_junction_2, minmay_misc_feat_five, uniq_ijyb,
          uniq_duvessa

Skill      XL: |  1  2  3  4  5  6 |
---------------+-------------------+-----
Earth Magic    | 4 5 6 |  6.0
Conjurations   | 2 3 4 |  4.2
Spellcasting   | 3 4 |  4.1
Dodging        | |  1.5
Stealth        | |  2.1

Action                     |  1- 3 |  4- 6 || total
---------------------------+-------+-------++-------
  Melee: Unarmed           |     5 |       ||     5
         Dagger            |     4 |     8 ||    12
   Cast: Sandblast         |    47 |    78 ||   125
 Armour: Robe              |    16 |    39 ||    55
  Dodge: Dodged            |    20 |    37 ||    57

Table legend: (Time is in decaauts)
 A = Elapsed time spent in this place.
 B = Non-inter-level travel time spent in this place.
 C = Inter-level travel time spent in this place.
 D = Time resting spent in this place.
 E = Time spent auto-exploring this place.
 F = Levels seen in this place.
 G = Mean time per level.
                   A        B        C        D        E       F      G
               +--------+--------+--------+--------+--------+-----+--------+
         Total |   3483 |   3398 |     85 |    183 |   2764 |   4 |  870.8 |
       Dungeon |   3483 |   3398 |     85 |    183 |   2764 |   4 |  870.8 |
               +--------+--------+--------+--------+--------+-----+--------+

Top non-repeatable levels by time:
     D:2: 1128 daAuts
     D:1: 1109 daAuts
     D:3: 983 daAuts
     D:4: 262 daAuts
